 Dungeon Crawl Stone Soup version 0.29-a0-717-g6dac4ea423 (webtiles) character file.

Game seed: 2546359782355732472

49 polve the Cutter (level 3, -1/29 HPs)
             Began as a Demonspawn Abyssal Knight on June 26, 2022.
             Was a Believer of Lugonu.
             Slain by a quokka (2 damage)
             ... on level 2 of the Dungeon.
             The game lasted 00:01:12 (1868 turns).

polve the Cutter (Demonspawn Abyssal Knight)        Turns: 1868, Time: 00:01:13

Health: -1/29      AC:  7    Str: 15    XL:     3   Next: 51%
Magic:  4/4        EV:  9    Int: 11    God:    Lugonu [**....]
Gold:   53         SH:  0    Dex: 13    Spells: 2/2 levels left

rFire   . . .      SeeInvis .   a - +1 short sword
rCold   . . .      Faith    .   (no shield)
rNeg    . . .      Spirit   .   h - +0 scale mail
rPois   .          Reflect  .   (no helmet)
rElec   .          Harm     .   (no cloak)
rCorr   .          Rampage  .   (gloves unavailable)
Will    .....                   f - +0 pair of boots
Stlth   ..........              (no amulet)
HPRegen 0.09/turn               (no ring)
MPRegen 0.09/turn               (no ring)

@: attractive
A: claws 3, subdued magic 1
a: Renounce Religion, Depart the Abyss, Bend Space


You were on level 2 of the Dungeon.
You worshipped Lugonu.
Lugonu was pleased with you.
You visited 1 branch of the dungeon, and saw 2 of its levels.
You visited the Abyss 1 time.

You collected 53 gold pieces.

Inventory:

Hand Weapons
 a - a +1 short sword (weapon)
Armour
 f - a +0 pair of boots (worn)
 h - a +0 scale mail (worn)
Scrolls
 b - a scroll of teleportation {unknown}
 c - 2 scrolls of poison {unknown}
 d - a scroll of summoning {unknown}
 i - a scroll of identify {unknown}


   Skills:
 - Level 3.0 Fighting
 + Level 3.6 Short Blades
 - Level 1.7 Armour
 - Level 0.8 Dodging
 - Level 2.4 Invocations


You had 2 spell levels left.
You didn't know any spells.
Your spell library was empty.

Dungeon Overview and Level Annotations

Branches:
Dungeon (2/15)

Altars:


Innate Abilities, Weirdness & Mutations

You have claws for hands.
Your spells are a little easier to cast, but a little less powerful.


Message History

You hit the adder.
The adder is heavily wounded.
You feel sick. The adder bites you but does no damage.
You hit the adder.
You kill the adder!
Lugonu accepts your kill.
You feel sick.
You hit the quokka but do no damage.
You feel sick.
The quokka bites you but does no damage.
You closely miss the quokka. Your claw misses the quokka.
You feel sick. The quokka bites you.
* * * LOW HITPOINT WARNING * * *
The quokka closely misses you.
You hit the quokka but do no damage.
You feel sick. The quokka bites you.
* * * LOW HITPOINT WARNING * * *
It was a potion of mutation.
You feel extremely strange.
Your connection to magic feels subdued.
Your hands twist into claws.
* * * LOW HITPOINT WARNING * * *
You feel sick.
You are no longer poisoned.
The quokka bites you but does no damage.
You hit the quokka.
The quokka is heavily wounded.
The quokka misses you.
It was a potion of attraction.
You feel attractive to monsters.
The quokka bites you but does no damage.
You hit the quokka but do no damage.
The quokka is heavily wounded.
The quokka bites you but does no damage.
You hit the quokka but do no damage.
The quokka is heavily wounded.
The quokka barely misses you.
You closely miss the quokka.
The quokka is heavily wounded.
The quokka barely misses you.
You hit the quokka.
The quokka is almost dead.
The quokka bites you.
You die...

# #.# .## #...# .#.. #.#
#...# .. ...
#.######...##### .<..##.##
##...............
........###†............)..
#....##..............
#.#..########...#####
#.##r# #........ #.##@#
#....#### #.##.# #....####
#.##.# #......## #....#
#....#.## ####.#
######..... #.# #..........
..######.###......
###......###..#..#
#.####.##......#


You could see a quokka.

Vanquished Creatures
  2 adders (D:2)
  A worm (D:2)
  A dart slug (D:2)
  3 endoplasms
  A giant cockroach (D:1)
  2 goblins (D:2)
  3 hobgoblins
  5 ball pythons
  4 bats
  3 kobolds
  2 rats
27 creatures vanquished.

Vanquished Creatures (others)
  8 plants (D:2)
8 creatures vanquished.

Grand Total: 35 creatures vanquished

Notes
Turn   | Place    | Note
-------+----------+-------------------------------------------
     0 | Abyss:1  | polve the Demonspawn Abyssal Knight began the quest for the
                  | Orb.
     0 | Abyss:1  | Reached XP level 1. HP: 18/18 MP: 2/2
     0 | D:1      | Escaped the Abyss
   169 | D:1      | Reached ** piety under Lugonu
   357 | D:1      | Discovered your monstrous ancestry.
   357 | D:1      | Gained mutation: You have sharp fingernails. [demonic
                  | ancestry]
   357 | D:1      | Reached XP level 2. HP: 24/24 MP: 3/3
  1253 | D:2      | Gained mutation: You have very sharp fingernails. [demonic
                  | ancestry]
  1253 | D:2      | Reached XP level 3. HP: 19/29 MP: 4/4
  1862 | D:2      | Gained mutation: Your spells are a little easier to cast,
                  | but a little less powerful. [potion of mutation]
  1862 | D:2      | Gained mutation: You have claws for hands. [potion of
                  | mutation]
  1862 | D:2      | HP: 1/29 [poisoned by an adder]
  1868 | D:2      | Slain by a quokka

Illustrated notes

Levels and vault maps discovered:
D:1:      arrival_zaba_pyramid, layout_loops_ring,
          chequers_serial_rivers_small_b
D:2:      cheibrodos_old_hovel, layout_loops_cross, uniq_jessica

Skill      XL: |  1  2 |
---------------+-------+-----
Short Blades   | 2 3 |  3.6
Fighting       | |  3.0
Armour         | |  1.7
Dodging        | |  0.8
Invocations    | |  2.4

Action                   || total
-------------------------++-------
Melee: Short sword       ||    97
Invok: Depart the Abyss  ||     1
  Use: Potion            ||     2
Armor: Leather armour    ||    14
       Scale mail        ||    32
Dodge: Dodged            ||    55

Table legend: (Time is in decaauts)
 A = Elapsed time spent in this place.
 B = Non-inter-level travel time spent in this place.
 C = Inter-level travel time spent in this place.
 D = Time resting spent in this place.
 E = Time spent auto-exploring this place.
 F = Levels seen in this place.
 G = Mean time per level.
                   A        B        C        D        E       F      G
               +--------+--------+--------+--------+--------+-----+--------+
         Total |   1863 |   1784 |     79 |      0 |   1535 |   3 |  621.0 |
       Dungeon |   1863 |   1784 |     79 |      0 |   1535 |   2 |  931.5 |
         Abyss |      0 |      0 |      0 |      0 |      0 |   1 |    0.0 |
               +--------+--------+--------+--------+--------+-----+--------+

Top non-repeatable levels by time:
     D:1: 1033 daAuts
     D:2: 830 daAuts
